 Dungeon Crawl Stone Soup version 0.21-a0-200-gb89f83b (webtiles) character file.

5679 Lavandula the Grappler (level 10, -3/70 HPs)
             Began as a Ghoul Ice Elementalist on Aug 16, 2017.
             Was a Priest of Hepliaklqana.
             Slain by an orc warrior
             ... wielding a +0 glaive
             ... led by an orc warlord
              (18 damage)
             ... on level 1 of the Orcish Mines.
             The game lasted 00:56:58 (4441 turns).

Lavandula the Grappler (Ghoul Ice Elementalist)     Turns: 4441, Time: 00:56:58

Health: -3/70      AC:  8    Str: 14    XL:     10   Next: 75%
Magic:  7/15       EV: 11    Int: 12    God:    Hepliaklqana [***...]
Gold:   312        SH:  0    Dex:  9    Spells: 5/18 levels left

rFire    . . .     SeeInvis .     - Unarmed
rCold    + . .     Gourm    .   (no shield)
rNeg     + + +     Faith    .   n - +0 leather armour
rPois    ∞         Spirit   .   (no helmet)
rElec    .         Reflect  .   (no cloak)
rCorr    .         Harm     .   (no gloves)
MR       .....                  (no boots)
Stlth    +.........             (no amulet)
HPRegen  0.00/turn              (no ring)
MPRegen  0.14/turn              (no ring)

@: icy armour, about to teleport, rotting, slow
A: rotting body, reduced essence, claws 1, carnivore 3, cold resistance 1,
negative energy resistance 3, inhibited regeneration, torment resistance,
unbreathing
a: Recall Ancestor, Ancestor Identity, Transference, Renounce Religion


You were on level 1 of the Orcish Mines.
You worshipped Hepliaklqana.
Hepliaklqana was most pleased with you.
You were not hungry.

You visited 2 branches of the dungeon, and saw 10 of its levels.

You collected 312 gold pieces.

Inventory:

Hand Weapons
 s - a +2 morningstar
Armour
 a - a +0 robe
 d - a +0 pair of gloves
 i - a +0 ring mail of poison resistance
 n - a +0 leather armour (worn)
Wands
 g - a wand of scattershot (1/9)
 v - a wand of confusion (2/48)
 w - a wand of disintegration (0/24)
Scrolls
 e - 5 scrolls of teleportation
 f - 3 scrolls of amnesia
 k - a scroll of enchant armour {unknown}
 m - a scroll of magic mapping {unknown}
 o - a scroll of fog
 p - a scroll of remove curse
 q - a scroll of blinking
 u - a scroll of immolation {unknown}
 x - a scroll of torment {unknown}
 D - a scroll of recharging {unknown}
Potions
 t - 2 potions of flight
 z - a potion of ambrosia {unknown}
 A - a potion of invisibility {unknown}
 B - a potion of cancellation {unknown}
 C - a potion of magic {unknown}
 H - 2 potions of brilliance {unknown}
Books
 b - a book of Frost

   Spells                             Type                      Level
   a - Freeze                         Ice                          1
   b - Throw Frost                    Conjuration/Ice              2
   c - Ozocubu's Armour               Charms/Ice                   3
   d - Throw Icicle                   Conjuration/Ice              4
   e - Summon Ice Beast               Ice/Summoning                4
 r - a book of Geomancy

   Spells                             Type                      Level
   a - Sandblast                      Earth                        1
   b - Passwall                       Transmutation/Earth          2
   c - Stone Arrow                    Conjuration/Earth            3
   d - Petrify                        Transmutation/Earth          4
   e - Lee's Rapid Deconstruction     Earth                        5
 y - a book of Maledictions

   Spells                             Type                      Level
   a - Corona                         Hexes                        1
   b - Ensorcelled Hibernation        Hexes/Ice                    2
   c - Confuse                        Hexes                        3
   d - Tukima's Dance                 Hexes                        3
   e - Dazzling Spray                 Conjuration/Hexes            3
 G - a Young Poisoner's Handbook

   Spells                             Type                      Level
   a - Sting                          Conjuration/Poison           1
   b - Poisonous Vapours              Poison/Air                   2
   c - Mephitic Cloud                 Conjuration/Poison/Air       3
   d - Olgreb's Toxic Radiance        Poison                       4
   e - Venom Bolt                     Conjuration/Poison           5
Comestibles
 c - 3 meat rations
 h - 10 chunks of flesh
 l - 2 royal jellies


   Skills:
 - Level 4.0 Fighting
 - Level 1.7 Dodging
 - Level 2.1 Stealth
 - Level 10.9 Unarmed Combat
 - Level 4.5 Spellcasting
 - Level 0.7 Conjurations
 - Level 4.1 Summonings
 + Level 7.6 Ice Magic
 - Level 4.0 Invocations
 - Level 4.4 Evocations


You had 5 spell levels left.
You knew the following spells:

 Your Spells              Type           Power        Failure   Level  Hunger
a - Freeze                Ice            ###.         1%          1    None
b - Throw Frost           Conj/Ice       ##....       7%          2    ##.....
c - Ozocubu's Armour      Chrm/Ice       ##......     17%         3    ###....
d - Summon Ice Beast      Ice/Summ       ###.....     24%         4    ####...
e - Mephitic Cloud        Conj/Pois/Air  #.......     58%         3    ###....


Dungeon Overview and Level Annotations

Branches:
Dungeon (9/15)             Temple (0/1) D:5             Orc (1/2) D:9
   Lair: D:8-11

Altars:
Hepliaklqana
Makhleb
Okawaru
Qazlal
Trog
Yredelemnul

Annotations:
D:4 Grinder
D:5 weird vault, 1 exclusion
D:6 exclusion: upstairs
D:7 exclusion: downstairs


Innate Abilities, Weirdness & Mutations

Your body is rotting away.
You thrive on raw meat.
You are immune to poison.
You have sharp fingernails.
You are carnivorous and can eat meat at any time.
Your flesh is cold resistant. (rC+)
You are immune to negative energy. (rN+++)
You do not regenerate when monsters are visible.
You are immune to unholy pain and torment.
You can survive without breathing.
Your life essence is reduced to manifest your ancestor. (-10% HP)


Message History

The orcs go into a battle-frenzy!
The orc hits you but does no damage.
As you read the scroll of teleportation, it crumbles to dust.
You feel strangely unstable. The orc hits you but does no damage.
The orc warrior hits you from afar with a glaive!!
* * * LOW HITPOINT WARNING * * *
Eat one of 13 chunks of flesh? (ye/n/q)
You eat one of the 13 chunks of flesh.
This raw flesh tastes great!
The orc hits you with a hand axe.
* * * LOW HITPOINT WARNING * * *
Eat one of 12 chunks of flesh? (ye/n/q)
You eat one of the 12 chunks of flesh.
This raw flesh tastes great!
The orc warrior barely misses you. The orc hits you but does no damage.
The orc warrior hits you with a flail!
* * * LOW HITPOINT WARNING * * *
Okay, then.
Eat one of 11 chunks of flesh? (ye/n/q)
You eat one of the 11 chunks of flesh.
This raw flesh tastes great!
The orc warrior hits you from afar with a glaive!!
You die...

#...... ..# ...
###......#.#
....##.#.....#.##
.................#.#
.............#.......
.>.............(C......
..............o##.#.#.#
.............oCo###
.............ooo@#
.............o#.##
#............####
.o......#...##
.[.)[.......#
.)<........##
..[.........#
............#
..$......#...#


You could see an orc warlord, a cyclops, 2 orc warriors and 4 orcs.

Vanquished Creatures
  2 two-headed ogres (D:8)
  A hippogriff (D:7)
  An orc warrior (Orc:1)
  A phantom (D:6)
  2 centaurs
  An ogre (D:6)
  A big kobold (D:8)
  3 bullfrogs
  3 scorpions
  3 killer bees (D:7)
  2 wights (D:6)
  2 crimson imps (D:6)
  An orc wizard (D:4)
  An orc priest (D:9)
  A bullfrog skeleton (D:8)
  6 adders
  2 shadow imps
  An ooze (D:4)
  4 leopard geckos
  20 orcs
  A ball python (D:1)
  2 giant cockroaches (D:1)
  3 goblins
  6 hobgoblins
  6 jackals
  7 kobolds
  3 quokkas
  A bat (D:3)
  3 frilled lizards
  A jackal skeleton (D:4)
  A leopard gecko skeleton (D:4)
  A leopard gecko zombie (D:6)
  A quokka skeleton (D:6)
  2 rats
96 creatures vanquished.

Vanquished Creatures (collateral kills)
  Erica (Orc:1)
  A water moccasin (D:6)
  An ice beast (D:8)
  5 orc warriors
  A sky beast (D:7)
  3 black bears
  An ogre (Orc:1)
  A crocodile (D:8)
  2 bullfrogs (D:7)
  A scorpion (D:9)
  6 killer bees
  2 wights (D:6)
  A centaur zombie (D:5)
  A jelly (D:8)
  An orc priest (Orc:1)
  2 hounds
  An iguana (D:7)
  3 worker ants
  3 bullfrog skeletons
  9 orc wizards
  2 howler monkey zombies
  An adder zombie (D:6)
  19 orcs
  A jackal (D:9)
  A quokka (D:5)
  4 kobolds (D:8)
74 creatures vanquished.

Vanquished Creatures (others)
  7 battlemagi
  2 ancestors
  A plant (D:1)
10 creatures vanquished.

Grand Total: 180 creatures vanquished

Notes
Turn   | Place    | Note
-------+----------+-------------------------------------------
     0 | D:1      | Lavandula the Ghoul Ice Elementalist began the quest for the Orb.
     0 | D:1      | Reached XP level 1. HP: 14/14 MP: 2/2
   217 | D:1      | Reached XP level 2. HP: 11/19 MP: 2/4
   379 | D:2      | Learned a level 2 spell: Throw Frost
   517 | D:1      | HP: 1/20 [jackal (2)]
   518 | D:1      | Reached XP level 3. HP: 1/26 MP: 0/6
   732 | D:2      | Reached skill level 1 in Unarmed Combat
   779 | D:2      | Found a stormy altar of Qazlal.
   910 | D:2      | Reached skill level 2 in Unarmed Combat
   952 | D:3      | Learned a level 3 spell: Ozocubu's Armour
  1025 | D:4      | Reached XP level 4. HP: 33/33 MP: 3/7
  1030 | D:4      | Noticed Grinder
  1213 | D:3      | Found a basalt altar of Yredelemnul.
  1213 | D:3      | Found a hazy altar of Hepliaklqana.
  1220 | D:3      | Became a worshipper of Hepliaklqana the Forgotten
  1428 | D:4      | Noticed a phantom
  1490 | D:4      | You fall through a shaft!
  1490 | D:5      | Entered Level 5 of the Dungeon
  1643 | D:4      | Reached XP level 5. HP: 11/34 MP: 3/9
  1672 | D:4      | Reached * piety under Hepliaklqana
  1844 | D:5      | Learned a level 4 spell: Summon Ice Beast
  1884 | D:5      | Reached XP level 6. HP: 27/40 MP: 4/11
  1950 | D:5      | Found a staircase to the Ecumenical Temple.
  2149 | D:6      | Noticed a water moccasin
  2162 | D:6      | Killed a water moccasin
  2162 | D:6      | Reached skill level 4 in Unarmed Combat
  2212 | D:6      | Reached skill level 1 in Summonings
  2232 | D:6      | Reached XP level 7. HP: 32/45 MP: 1/12
  2265 | D:5      | Noticed a rust devil
  2265 | D:5      | Noticed a rust devil
  2510 | D:6      | Found a burning altar of Makhleb.
  2531 | D:6      | Reached ** piety under Hepliaklqana
  2532 | D:6      | Remembered your ancestor Cuetlachtli as a battlemage
  2673 | D:6      | Reached skill level 5 in Unarmed Combat
  2673 | D:6      | Reached XP level 8. HP: 21/54 MP: 13/13
  2700 | D:6      | Found a bloodstained altar of Trog.
  2717 | D:6      | Reached skill level 6 in Unarmed Combat
  2802 | D:7      | Noticed a hippogriff
  2810 | D:7      | Killed a hippogriff
  2810 | D:7      | Reached skill level 7 in Unarmed Combat
  2931 | D:7      | Reached skill level 8 in Unarmed Combat
  3032 | D:8      | Noticed a two-headed ogre
  3254 | D:7      | Reached skill level 9 in Unarmed Combat
  3254 | D:7      | Reached XP level 9. HP: 58/58 MP: 10/14
  3411 | D:8      | Noticed a two-headed ogre
  3426 | D:8      | Killed a two-headed ogre
  3426 | D:8      | Reached skill level 10 in Unarmed Combat
  3484 | D:8      | Reached skill level 1 in Evocations
  3496 | D:8      | Killed a two-headed ogre
  3525 | D:8      | Found an iron altar of Okawaru.
  3574 | D:8      | Reached XP level 10. HP: 44/65 MP: 9/15
  3711 | D:8      | Reached skill level 5 in Ice Magic
  3832 | D:8      | Reached *** piety under Hepliaklqana
  3881 | D:8      | Reached skill level 1 in Invocations
  4281 | D:9      | Learned a level 3 spell: Mephitic Cloud
  4287 | D:9      | Found a staircase to the Orcish Mines.
  4304 | Orc:1    | Entered Level 1 of the Orcish Mines
  4316 | Orc:1    | Noticed Erica
  4397 | Orc:1    | Noticed an orc warlord
  4414 | Orc:1    | Killed Erica
  4434 | Orc:1    | Noticed a cyclops
  4441 | Orc:1    | Slain by an orc warrior

Vault maps used:
D:1:      scummos_arrival_simple_fountains, minmay_lizard_king
D:2:      old_standard_altar, kennysheep_doodads, serial_bayou_crossing
D:3:      wad_lake_hut, amethyst_overflow_temple_binary, first_bread
D:4:      uniq_grinder
D:5:      cheibrodos_iron_armory, minmay_temple_entry_hall, serial_shops, shop,
          uniq_prince_ribbit1
D:6:      trog_ov_bears_minmay, lightli_temple_of_fire, nicolae_wand_duel
D:8:      kennysheep_mini, basic_altar
D:9:      old_standard_altar, erik_orc_2
Orc:1:    nicolae_orc_accident_2, enter_volcano_1, uniq_fannar, uniq_erica

Skill      XL: |  1  2  3  4  5  6  7  8  9 10 |
---------------+-------------------------------+-----
Spellcasting   | 2 3 4 |  4.5
Unarmed Combat | 2 4 5 9 10 | 10.9
Ice Magic      | 4 7 |  7.6
Summonings     | 1 3 4 |  4.1
Fighting       | 2 4 |  4.0
Evocations     | 4 |  4.4
Invocations    | 4 |  4.0
Dodging        | |  1.7
Stealth        | |  2.1
Conjurations   | |  0.7

Action                   |  1- 3 |  4- 6 |  7- 9 | 10-12 || total
-------------------------+-------+-------+-------+-------++-------
Melee: Unarmed           |    35 |    48 |    87 |    67 ||   237
       Punch             |       |       |     1 |     5 ||     6
 Cast: Freeze            |    55 |    52 |    28 |     1 ||   136
       Ozocubu's Armour  |       |     1 |     5 |     2 ||     8
       Throw Frost       |       |     1 |    14 |     7 ||    22
       Summon Ice Beast  |       |       |       |     5 ||     5
Invok: Recall Ancestor   |       |     3 |     1 |       ||     4
       Ancestor Identity |       |     1 |       |       ||     1
       Ancestor Life: Ba |       |       |     1 |       ||     1
Evoke: Wand              |       |       |     8 |       ||     8
  Use: Potion            |     2 |       |     1 |       ||     3
       Scroll            |       |     3 |     7 |     6 ||    16
 Stab: Sleeping          |     3 |     2 |     2 |       ||     7
       Distracted        |       |     1 |       |     2 ||     3
  Eat: Chunk             |    22 |    20 |    32 |    26 ||   100
Armor: Robe              |    10 |    20 |     9 |     8 ||    47
       Leather armour    |       |       |       |     3 ||     3
Dodge: Dodged            |    69 |    51 |    71 |    36 ||   227
